 Dungeon Crawl Stone Soup version 0.30.1-1-g62c8e00024 (webtiles) character file.

Game seed: 15525290566740841239

60 shmup the Firebug (level 4, -2/24 HPs)
             Began as a Tengu Fire Elementalist on July 15, 2023.
             Killed from afar by Sigmund (5 damage)
             ... with a magic dart
             ... on level 2 of the Dungeon.
             The game lasted 00:05:35 (1424 turns).

shmup the Firebug (Tengu Fire Elementalist)         Turns: 1424, Time: 00:05:35

Health: -2/24      AC:  2    Str:  8    XL:     4   Next: 6%
Magic:  1/8        EV: 17    Int: 18    God:
Gold:   67         SH:  0    Dex: 14    Spells: 4/7 levels left

rFire   . . .        j - +0 dagger
rCold   . . .        (no shield)
rNeg    . . .        a - +0 robe
rPois   .            (helmet restricted)
rElec   .            (no cloak)
rCorr   .            (no gloves)
SInv    .            (boots unavailable)
Will    .....        (no amulet)
Stlth   ++           e - +5 ring of evasion
HPRegen 0.24/turn    (no ring)
MPRegen 0.11/turn

%: no passive effects
@: no status effects
A: beak, talons 3
a: no special abilities


You were on level 2 of the Dungeon.
You visited 1 branch of the dungeon, and saw 2 of its levels.

You collected 67 gold pieces.

Inventory:

Hand Weapons
 i - a +1 dagger of holy wrath
 j - a +0 dagger (weapon)
Missiles
 d - 12 stones (quivered)
Armour
 a - a +0 robe (worn)
 h - a +0 pair of gloves
Jewellery
 e - a +5 ring of evasion (left hand)
Scrolls
 f - a scroll of identify {unknown}
 g - a scroll of amnesia {unknown}
Potions
 b - a potion of magic
 c - a potion of flight {unknown}


   Skills:
 + Level 2.7 Dodging
 + Level 2.5 Stealth
 + Level 2.3 Spellcasting
 + Level 2.2 Conjurations
 * Level 4.1 Fire Magic


You had 4 spell levels left.
You knew the following spells:

 Your Spells              Type           Power      Damage    Failure   Level
a - Foxfire               Conj/Fire      52%        2x1d6     4%          1
b - Scorch                Fire           34%        2d6       4%          2

Your spell library contained the following spells:

 Spells                   Type           Power      Damage    Failure   Level
 Apportation              Tloc           4%         N/A       17%         1
 Necrotise                Necr           8%         1d4       17%         1
 Summon Small Mammal      Summ           8%         N/A       17%         1
 Inner Flame              Hex/Fire       9%         N/A       22%         3
 Volatile Blastmotes      Fire/Tloc      18%        2d11      22%         3
 Ensorcelled Hibernation  Hex/Ice        4%         N/A       26%         2
 Flame Wave               Conj/Fire      13%        2d6       43%         4
 Ozocubu's Armour         Ice            2%         N/A       45%         3
 Spider Form              Tmut/Pois      2%         N/A       45%         3
 Anguish                  Hex/Necr       1%         N/A       86%         4
 Metabolic Englaciation   Hex/Ice        1%         N/A       99%         5
 Simulacrum               Ice/Necr       1%         N/A       100%        6


Dungeon Overview and Level Annotations

Branches:
Dungeon (2/15)

Altars:

Annotations:
D:1 exclusion: downstairs
D:2 Sigmund


Innate Abilities, Weirdness & Mutations

You have a beak for a mouth.
You have claws for feet.


Message History

Unknown command.
Unknown command.
Casting: Scorch (safe; 4% risk of failure)
Confirm with . or Enter, or press ? or * to list all spells.
Flames lash Sigmund.
Sigmund is burned terribly!
Sigmund is heavily wounded.
Sigmund hits you with a +0 scythe!
* * * LOW HITPOINT WARNING * * *
Unknown command.
Unknown command.
Casting: Scorch (safe; 4% risk of failure)
Confirm with . or Enter, or press ? or * to list all spells.
Flames lash Sigmund.
Sigmund is burned terribly!
Sigmund is almost dead.
Unknown command.
Casting: Scorch (safe; 4% risk of failure)
Confirm with . or Enter, or press ? or * to list all spells.
You don't have enough magic to cast this spell.
Unknown command.
You barely miss Sigmund. You claw Sigmund, but do no damage.
Sigmund is almost dead.
Sigmund gestures wildly while chanting.
Sigmund flickers and vanishes!
Deactivating autopickup; reactivate with Ctrl-A.
You closely miss something. Something hits you.
* * * LOW HITPOINT WARNING * * *
You closely miss something. Your kick misses something.
Your peck misses something.
You hear some strange, mumbled words.
A puff of flame appears from out of thin air!
The puff of flame misses you.
Your magical contamination has completely faded away.
You barely miss something. Your kick misses something.
Your peck misses something. Something closely misses you.
You closely miss something. You hit something but do no damage.
Your kick misses something.
You hear some strange, mumbled words.
A magic dart appears from out of thin air!
The magic dart hits you.
You die...

▒...▒▒.▒▒▒▒▒▒▒▒▒ ▒.▒
▒......▒ ▒.▒ ▒...▒▒▒▒ ▒.▒
▒▒▒▒.▒▒▒▒ ▒.▒
▒.......▒▒▒▒▒▒▒▒ ▒.▒
▒....[..▒▒.....▒ ▒.▒▒
▒..▒.▒..▒▒.....▒▒▒▒▒▒..▒
▒..▒.▒..▒▒.<........▒▒.▒
▒..▒.▒..▒▒.Q.>.▒▒▒▒.▒▒.▒
▒.......▒▒..{..▒▒▒▒....▒
▒.......▒▒▒▒.....▒▒.▒▒▒▒
▒▒▒▒.▒▒▒▒ ▒▒.▒▒.▒▒.▒ ▒.▒
▒▒▒▒▒.▒▒.▒▒.▒
▒▒.▒▒▒▒.......)...▒
▒.(.....@...)..▒▒.▒
▒..▒.........%.▒▒.▒
..▒▒▒▒▒▒..▒.▒▒........▒▒.▒


There were no monsters in sight!

Vanquished Creatures
  2 adders (D:2)
  2 dart slugs
  4 ball pythons
  3 bats
  An endoplasm (D:1)
  A giant cockroach (D:1)
  2 hobgoblins
  6 jackals
  A quokka (D:1)
  5 frilled lizards
  4 goblins
  2 kobolds (D:2)
  3 rats
36 creatures vanquished.

Vanquished Creatures (others)
  82 foxfires
82 creatures vanquished.

Grand Total: 118 creatures vanquished

Notes
Turn   | Place    | Note
-------+----------+-------------------------------------------
     0 | D:1      | shmup the Tengu Fire Elementalist began the quest for the
                  | Orb.
     0 | D:1      | Reached XP level 1. HP: 10/10 MP: 4/4
   198 | D:1      | Reached XP level 2. HP: 14/15 MP: 1/6
   983 | D:2      | Noticed Sigmund
  1032 | D:2      | Reached XP level 3. HP: 19/19 MP: 5/7
  1103 | D:2      | Learned a level 2 spell: Scorch
  1153 | D:2      | Reached skill level 4 in Fire Magic
  1316 | D:2      | Reached XP level 4. HP: 15/24 MP: 5/8
  1424 | D:2      | Killed from afar by Sigmund

Illustrated notes

Levels and vault maps discovered:
D:1:      dpeg_arrival_pits, layout_basic, minmay_quantized
D:2:      layout_loops_cross, uniq_jessica, uniq_sigmund

Skill      XL: |  1  2  3 |
---------------+----------+-----
Conjurations   | 2 |  2.2
Fire Magic     | 4 |  4.1
Dodging        | |  2.7
Stealth        | |  2.5
Spellcasting   | |  2.3

Action                     |  1- 3 |  4- 6 || total
---------------------------+-------+-------++-------
  Melee: Kick              |     2 |     1 ||     3
         Unarmed           |     1 |       ||     1
         Dagger            |     7 |     6 ||    13
         Hand axe          |     1 |       ||     1
   Cast: Foxfire           |    47 |       ||    47
         Scorch            |       |     3 ||     3
 Armour: Robe              |     5 |       ||     5
  Dodge: Dodged            |    64 |     7 ||    71
